 Dungeon Crawl Stone Soup version 0.17-a0-2122-g03d97ec (console) character file.

80 endege the Sneak (level 4, -3/29 HPs)
             Began as a Kobold Assassin on Oct 21, 2015.
             Was a Follower of Cheibriados.
             Slain by a gnoll
             ... wielding a +0 halberd
              (12 damage)
             ... on level 2 of the Dungeon.
             The game lasted 00:11:55 (2726 turns).

endege the Sneak (Kobold Assassin)                  Turns: 2726, Time: 00:11:55

Health: -3/29      AC:  5    Str: 11 (13) XL:     4   Next: 65%
Magic:  4/4        EV: 14    Int: 12      God:    Cheibriados [*.....]
Gold:   78         SH:  0    Dex: 20      Spells: 0 memorised, 3 levels left

rFire  + . .     SeeInvis .     k - +0 short sword
rCold  x . .     Clarity  .     o - +1 leather armour
rNeg   . . .     SustAt   .     (shield restricted)
rPois  .         Gourm    .     (no helmet)
rElec  .         Spirit   .     d - +0 cloak
rCorr  .         Warding  .     (no gloves)
rMut   .         Stasis   .     (no boots)
MR     .....                    (no amulet)
Stlth  +++.......               (no ring)
                                l - ring of fire

@: very slow, not resistant to hostile enchantments, fairly stealthy
A: carnivore 3
a: Bend Time, Renounce Religion


You were on level 2 of the Dungeon.
You worshipped Cheibriados.
Cheibriados was aware of your devotion.
You were not hungry.

You visited 1 branch of the dungeon, and saw 2 of its levels.

You collected 78 gold pieces.

Inventory:

Hand Weapons
 a - a +2 dagger
 b - a +0 blowgun
 h - a +0 dagger
 i - a cursed -2 hunting sling
 k - a +0 short sword (weapon)
Missiles
 e - 8 poisoned needles
 f - 2 curare-tipped needles
 j - 24 sling bullets
Armour
 c - a +0 robe
 d - a +0 cloak (worn)
 o - a +1 leather armour (worn)
Jewellery
 l - a ring of fire (left hand)
Wands
 m - a wand of magic darts (24)
Scrolls
 p - a scroll of identify
Comestibles
 g - a meat ration
 n - 4 chunks of flesh


   Skills:
 + Level 4.0 Fighting
 + Level 4.4 Short Blades
 - Level 2.1 Throwing
 - Level 1.2 Dodging
 - Level 5.3 Stealth


You had 3 spell levels left.
You didn't know any spells.

Dungeon Overview and Level Annotations

Branches:
Dungeon (2/15)

Altars:
Cheibriados


Innate Abilities, Weirdness & Mutations

You are small and have problems with some larger weapons.
You are carnivorous and can eat meat at any time.


Message History

You completely miss the gnoll.
The gnoll is severely wounded.
The gnoll misses you.
You hit the gnoll.
The gnoll is almost dead.
The gnoll barely misses you. The gnoll misses you.
You barely miss the gnoll.
The gnoll is almost dead.
The gnoll hits you from afar with a halberd.
The gnoll hits you!
You hit the gnoll but do no damage.
The gnoll is almost dead.
The gnoll hits you. The gnoll misses you.
You hit the gnoll but do no damage.
The gnoll is severely wounded.
You hit the gnoll.
The gnoll is almost dead.
The gnoll barely misses you.
The gnoll hits you from afar with a halberd!
You die...

.##.....####.........####....####
.##........+.........'...........
.##.....####.........####...#####
........# ##.......## ##..#
.##.....# ##.....## ##.#
.##.##..# ##...## #.# ........#
##'## #.# .......## #.# ######.#
###.#### #@# #......# #.# #g#
#.###### #.# ###


ggg #.# #.# ##.##..... #.# #.# ##.#.##...## #.# #.#####.###.##.## #.#
#........#.#########.# #########............# ############## You could see 4
gnolls.

Vanquished Creatures
  3 adders (D:2)
  A worm (D:2)
  3 giant geckos
  9 bats
  4 giant cockroaches
  3 hobgoblins (D:1)
  3 jackals (D:2)
  4 kobolds (D:1)
  2 quokkas (D:2)
  A ball python (D:2)
  2 giant newts (D:2)
  3 goblins (D:2)
  4 rats
42 creatures vanquished.

Notes
Turn   | Place    | Note
--------------------------------------------------------------
     0 | D:1      | endege the Kobold Assassin began the quest for the Orb.
     0 | D:1      | Reached XP level 1. HP: 12/12 MP: 1/1
   336 | D:1      | Reached XP level 2. HP: 18/18 MP: 2/2
   843 | D:1      | Reached XP level 3. HP: 22/22 MP: 3/3
  1002 | D:1      | You fall through a shaft!
  1196 | D:2      | Reached XP level 4. HP: 17/28 MP: 4/4
  1928 | D:2      | Found a faded altar to an unknown god.
  2217 | D:2      | Became a worshipper of Cheibriados the Contemplative
  2217 | D:2      | Reached * piety under Cheibriados
  2726 | D:2      | Slain by a gnoll

Vault maps used:
D:1:      nicolae_arrival_washed_ashore
D:2:      ecumenical_altar_1

Action                   |  1- 3 |  4- 6 || total
-------------------------+-------+-------++-------
Melee: Dagger            |   100 |    31 ||   131
       Short sword       |       |    73 ||    73
  Use: Potion            |     2 |     2 ||     4
       Scroll            |     1 |     4 ||     5
 Stab: Sleeping          |    10 |     3 ||    13
  Eat: Chunk             |     5 |       ||     5
